 Dungeon Crawl Stone Soup version 0.31-a0-1370-gf52a5a9ab3 (webtiles) character file.

Game seed: 16308307854009222592

51011 tilp the Carver (level 14, 0/106 HPs)
             Began as a Vampire Enchanter on Dec 23, 2023.
             Was the Champion of Wu Jian.
             Slain by an orc knight
             ... wielding a +1 bardiche
              (46 damage)
             ... on level 2 of the Orcish Mines.
             The game lasted 00:38:52 (21043 turns).

tilp the Carver (Vampire Enchanter)                Turns: 21043, Time: 00:38:52

Health: 0/106      AC: 13    Str:  7    XL:     14   Next: 21%
Magic:  9/24       EV: 12    Int: 21    God:    Wu Jian [******]
Gold:   2328       SH:  5    Dex: 16    Spells: 5/26 levels left

rFire   . . .        a - +2 dagger (vamp)
rCold   + . .        E - +0 buckler
rNeg    . . .        n - +1 ring mail {rPois}
rPois   +            R - +2 hat
rElec   .            B - +1 cloak "Xywu" {Will++}
rCorr   .            D - +2 pair of gloves
SInv    +            (no boots)
Will    +++..        k - amulet of regeneration
Stlth   ++++         I - ring of protection from cold
HPRegen 1.37/turn    r - ring of wizardry
MPRegen 0.19/turn

%: wizardry (x1)
@: healing quickly
A: alive, fangs 3, see invisible, vampiric 2
a: Exsanguinate, Renounce Religion, Wall Jump, Serpent's Lash, Heavenly Storm


You were on level 2 of the Orcish Mines.
You worshipped Wu Jian.
Wu Jian was exalted by your worship.
You visited 4 branches of the dungeon, and saw 19 of its levels.
You also visited: Sewer and Ossuary.

You collected 2328 gold pieces.

Inventory:

Hand Weapons
 a - a +2 vampiric dagger (weapon)
 b - the +4 demon blade of the Secret Youths {freeze, rElec rN+ Dex+6}
   (You acquired it on level 3 of the Lair of Beasts)

   Dex+6:     It affects your dexterity (+6).
   rElec:     It insulates you from electricity.
   rN+:       It protects you from negative energy.
 P - a +5 antimagic dagger
 Q - a +4 dagger
Missiles
 h - 24 boomerangs
 l - 40 poisoned darts (quivered)
 y - 7 javelins
 N - 6 silver javelins
 Y - a throwing net
Armour
 n - a +1 ring mail of poison resistance (worn)
 w - a +2 robe of fire resistance
 B - the +1 cloak "Xywu" (worn) {Will++}
   (You acquired it on level 5 of the Lair of Beasts)

   Will++:    It greatly increases your willpower.
 D - a +2 pair of gloves (worn)
 E - a +0 buckler (worn)
 R - a +2 hat (worn)
 U - a +2 robe of cold resistance
Jewellery
 k - an amulet of regeneration (around neck)
 r - a ring of wizardry (right hand)
 I - a ring of protection from cold (left hand)
Wands
 s - a wand of mindburst (19)
 A - a wand of flame (57)
 F - a wand of polymorph (15)
 G - a wand of light (9)
 J - a wand of digging (9)
 O - a wand of iceblast (20)
Scrolls
 g - 6 scrolls of teleportation
 p - 5 scrolls of enchant weapon
 t - 2 scrolls of immolation
 x - a scroll of amnesia
 H - 3 scrolls of vulnerability
 M - 3 scrolls of fear
 S - 4 scrolls of revelation
 T - 5 scrolls of fog
 Z - a scroll of enchant armour
Potions
 c - 4 potions of invisibility
 d - 6 potions of curing
 e - 4 potions of heal wounds
 f - a potion of resistance
 i - 5 potions of enlightenment
 j - 4 potions of haste
 o - 3 potions of cancellation
 q - 3 potions of lignification
 u - 2 potions of magic
 v - 3 potions of might
 z - 3 potions of berserk rage
 L - 2 potions of ambrosia
 W - 3 potions of brilliance
Miscellaneous
 V - a condenser vane


   Skills:
 * Level 8.7 Fighting
 - Level 6.3(11.4) Short Blades
 - Level 13.5(14.0) Long Blades
 + Level 8.3 Dodging
 - Level 12.0 Stealth
 - Level 4.0 Shields
 + Level 6.7 Spellcasting
 - Level 4.0 Conjurations
 - Level 12.0 Hexes
 + Level 1.3 Summonings
 - Level 2.0 Ice Magic
 + Level 4.3 Alchemy
 * Level 6.4 Evocations


You had 5 spell levels left.
You knew the following spells:

 Your Spells              Type           Power      Damage    Failure   Level
a - Ensorcelled Hibernat  Hex/Ice        72%        N/A       1%          2
b - Confusing Touch       Hex            55%        N/A       1%          3
c - Tukima's Dance        Hex            55%        N/A       1%          3
d - Dazzling Flash        Conj/Hex       80%        N/A       2%          3
e - Yara's Violent Unrav  Hex/Alch       20%        3d9       19%         5
f - Summon Mana Viper     Hex/Summ       35%        N/A       32%         5

Your spell library contained the following spells:

 Spells                   Type           Power      Damage    Failure   Level
 Sting                    Conj/Alch      96%        1d9       3%          1
 Magic Dart               Conj           92%        1d7       4%          1
 Summon Guardian Golem    Hex/Summ       35%        N/A       4%          3
 Searing Ray              Conj           46%        2d6       6%          2
 Summon Small Mammal      Summ           48%        N/A       12%         1
 Passwall                 Alch/Erth      13%        N/A       12%         2
 Anguish                  Hex/Necr       16%        N/A       16%         4
 Apportation              Tloc           14%        N/A       21%         1
 Necrotise                Necr           28%        1d5       21%         1
 Sandblast                Erth           14%        2d6       21%         1
 Stone Arrow              Conj/Erth      30%        3d8       26%         3
 Lesser Beckoning         Tloc           14%        N/A       28%         2
 Fulminant Prism          Conj/Alch      12%        3d8       32%         4
 Fugue of the Fallen      Necr           7%         N/A       50%         3
 Gell's Gravitas          Tloc           7%         N/A       50%         3
 Swiftness                Air            7%         N/A       50%         3
 Teleport Other           Tloc           7%         N/A       50%         3
 Brom's Barrelling Bould  Conj/Erth      15%        2d4       61%         4
 Summon Ice Beast         Ice/Summ       14%        N/A       65%         4
 Animate Armour           Summ/Erth      18%        N/A       80%         4
 Passage of Golubria      Tloc           7%         N/A       86%         4
 Monstrous Menagerie      Summ           6%         N/A       100%        7
 Orb of Destruction       Conj           11%        9d6       100%        7
 Spellforged Servitor     Conj/Summ      9%         N/A       100%        7
 Lehudib's Crystal Spear  Conj/Erth      7%         10d3      100%        8


Dungeon Overview and Level Annotations

Branches:
Dungeon (11/15)            Temple (1/1) D:5            Lair (5/5) D:9
 Shoals (0/4) Lair:3        Snake (0/4) Lair:3        Slime (0/5) Lair:5
    Orc (2/2) D:11            Elf (0/3) Orc:2         Sewer (visited)
Ossuary (visited)

Altars:
Ashenzari
Cheibriados
Dithmenos
Fedhas
Gozag
Hepliaklqana
Kikubaaqudgha
Makhleb
Nemelex Xobeh
Okawaru
Qazlal
Ru
Sif Muna
Trog
Uskayaw
Vehumet
Wu Jian
Xom
Yredelemnul
Jiyva

Shops:
Orc:2 (


Innate Abilities, Weirdness & Mutations

Your natural rate of healing is accelerated.
You have razor-sharp teeth.
You have supernaturally acute eyesight. (SInv)
You are afflicted with vampirism and can become a bat while bloodless.


Message History

Casting: Ensorcelled Hibernation (safe; 1% risk of failure)
Confirm with . or Enter, or press ? or * to list all spells.
Aiming: Ensorcelled Hibernation (safe; 1% risk of failure)
Press: ? - help, Shift-Dir - straight line, f/p - warg
Aim: a warg (chance to affect: 47%)
The warg looks drowsy...
The warg barely misses you. The warg bites you!
The orc knight hits you from afar with a +1 bardiche.
Unknown command.
The helpless warg fails to defend itself.
You perforate the warg like a sieve!!!!
You feel better.
You kill the warg!
The Council accepts your kill. The warg barely misses you.
The orc knight hits you from afar with a +1 bardiche!!
Unknown command.
Casting: Ensorcelled Hibernation (safe; 1% risk of failure)
Confirm with . or Enter, or press ? or * to list all spells.
Aiming: Ensorcelled Hibernation (safe; 1% risk of failure)
Press: ? - help, Shift-Dir - straight line, f - warg
Aim: a warg (chance to affect: 47%)
The warg looks drowsy...
The orc knight hits you from afar with a +1 bardiche!!!
* * * LOW HITPOINT WARNING * * *
Unknown command.
Unknown command.
The helpless warg fails to defend itself.
You skewer the warg like a kebab!!!!
You feel better.
You kill the warg!
The Council accepts your kill.
Unknown command.
Casting: Ensorcelled Hibernation (safe; 1% risk of failure)
Confirm with . or Enter, or press ? or * to list all spells.
Casting: Dazzling Flash (mildly dangerous; 2% risk of failure)
Press: ? - help, Dir - look around, f - activate The orc wizard is dazzled.
The orc knight is dazzled.
The orc is dazzled.
The orc wizard gestures at you while chanting.
The puff of flame misses the orc knight.
The puff of flame hits you.
The orc knight hits you from afar with a +1 bardiche!!!
You die... ........#...................# ............~~≈~≈~~≈~......## ............~#######~......# ............~#$...?#~..#...# ............~#.....#~......# ............~#..o..#~..##.## ............~# o.o

#~..####
............~###o###~...###
.............'..@..#~...#.##
.....).......'.....#~......#
............~###'###~......#
............~#...).#~.....##
.......#....~#^..))#~.....##
.......#....~#.....#≈......##
............≈#.....#~.......#
............~#######~.......#
............~~~~≈~~~~.......##


You could see 2 orc knights, an orc wizard (strong, blind, unable to see you)
and an orc (strong, blind, unable to see you).

Vanquished Creatures
  Rupert (Lair:5)
  Gastronok (D:8)
  Josephine (Orc:2)
  Erolcha (Orc:1)
  4 hydras
  Fannar (Lair:3)
  Harold (Lair:2)
  A catoblepas (Lair:5)
  2 two-headed ogres
  A boulder beetle (D:9)
  A deep troll shaman (Lair:5)
  An orc high priest (Orc:2)
  Urug (D:11)
  9 death yaks
  An orc sorcerer (Orc:2)
  A cyclops (D:11)
  3 black mambas
  5 elephants
  2 merfolk sirens (Lair:3)
  Maurice (D:11)
  Joseph (D:7)
  A gargoyle (D:11)
  5 komodo dragons
  7 cane toads
  A rime drake (Lair:5)
  5 polar bears
  3 trolls
  2 merfolk (Lair:3)
  2 hornets
  Prince Ribbit (D:7)
  3 blink frogs (Lair:2)
  5 dream sheep (Lair:5)
  Sigmund (D:3)
  41 yaks
  7 wraiths
  2 wyverns
  A vampire (D:11)
  6 wargs (Orc:2)
  Grum (D:11)
  3 basilisks
  A steam dragon (D:6)
  7 vampire mosquitoes
  2 nagas (Lair:3)
  Edmund (D:5)
  11 water moccasins
  Duvessa (D:6)
  2 acid dragons
  Pargi (Sewer)
  An ice beast (D:6)
  16 orc warriors
  A sky beast (D:6)
  2 black bears (Lair:5)
  26 wolves
  6 ogres
  11 centaurs
  A brain worm (Sewer)
  5 kobold brigands
  A weeping skull (Ossuary)
  12 bullfrogs
  4 scorpions
  2 gnoll sergeants
  5 water moccasin zombies (Ossuary)
  7 wights
  Dowan (D:6)
  4 killer bees (D:9)
  A howler monkey (D:10)
  2 hounds
  A jelly (D:6)
  11 orc priests
  Crazy Yiuf (D:5)
  A gnoll bouda (D:9)
  2 iguanas
  2 sleepcaps
  Ijyb (D:3)
  20 orc wizards
  2 crocodile zombies (Ossuary)
  2 mummies (Ossuary)
  16 gnolls
  9 adders
  2 shadow imps
  2 white imps
  3 bombardier beetles
  3 ufetubi
  4 adder zombies (Ossuary)
  3 worms
  3 dart slugs (D:3)
  74 orcs
  6 ball pythons
  4 endoplasms
  6 giant cockroaches
  8 goblins
  8 hobgoblins
  4 jackals (D:3)
  4 quokkas
  6 bats
  8 frilled lizards
  11 gnoll zombies (Ossuary)
  3 jackal zombies (Ossuary)
  14 kobolds
  3 orc zombies (Ossuary)
  10 rats
528 creatures vanquished.

Vanquished Creatures (collateral kills)
  Nessos (Lair:3)
  4 wights
5 creatures vanquished.

Vanquished Creatures (others)
  6 dancing weapons
  2 centaurs (D:11)
  2 orc wizards
  A gnoll (D:10)
  An adder (D:6)
12 creatures vanquished.

Grand Total: 545 creatures vanquished

Notes
Turn   | Place    | Note
-------+----------+-------------------------------------------
     0 | D:1      | tilp the Vampire Enchanter began the quest for the Orb.
     0 | D:1      | Reached XP level 1. HP: 13/13 MP: 3/3
   303 | D:1      | Found a faded altar of an unknown god.
   315 | D:1      | Reached XP level 2. HP: 19/20 MP: 5/5
   318 | D:1      | Learned a level 2 spell: Ensorcelled Hibernation
  1205 | D:2      | Reached skill level 1 in Fighting
  1230 | D:2      | Gained mutation: You are afflicted with vampirism and can
                  | become a bat while bloodless. [Vampire growth]
  1230 | D:2      | Reached XP level 3. HP: 26/26 MP: 1/6
  1380 | D:2      | Reached XP level 4. HP: 22/32 MP: 7/7
  1385 | D:2      | Learned a level 3 spell: Confusing Touch
  1885 | D:3      | Reached skill level 1 in Long Blades
  1905 | D:3      | Found a glowing drain.
  1976 | Sewer    | Entered a sewer
  2149 | Sewer    | Noticed a brain worm
  2171 | Sewer    | Killed a brain worm
  2172 | Sewer    | Reached skill level 5 in Stealth
  2172 | Sewer    | Reached skill level 5 in Hexes
  2172 | Sewer    | Reached skill level 1 in Ice Magic
  2172 | Sewer    | Reached XP level 5. HP: 38/38 MP: 3/8
  2339 | Sewer    | Noticed Pargi
  2354 | Sewer    | Killed Pargi
  2355 | Sewer    | Reached XP level 6. HP: 12/44 MP: 3/9
  2614 | D:3      | Noticed Ijyb
  2621 | D:3      | Killed Ijyb
  2770 | D:3      | Found a sacrificial altar of Ru.
  3031 | D:3      | Noticed Sigmund
  3035 | D:3      | Killed Sigmund
  3036 | D:3      | Reached skill level 2 in Long Blades
  3036 | D:3      | Reached XP level 7. HP: 51/51 MP: 7/11
  3522 | D:4      | Found an iron altar of Okawaru.
  3640 | D:4      | Learned a level 3 spell: Tukima's Dance
  3644 | D:4      | Learned a level 3 spell: Dazzling Flash
  4406 | D:5      | Entered Level 5 of the Dungeon
  4437 | D:5      | Found a staircase to the Ecumenical Temple.
  4483 | Temple   | Entered the Ecumenical Temple
  4502 | Temple   | Became a worshipper of the Wu Jian Council
  4537 | D:5      | Reached skill level 1 in Evocations
  4590 | D:5      | Found a sand-covered staircase.
  4595 | D:5      | Noticed a yak
  4596 | D:5      | Noticed a yak
  4596 | D:5      | Noticed a yak
  4596 | D:5      | Noticed a yak
  4603 | D:5      | Noticed a yak
  4615 | D:5      | Killed a yak
  4616 | D:5      | Reached skill level 3 in Long Blades
  4616 | D:5      | Reached XP level 8. HP: 33/59 MP: 4/12
  4627 | D:5      | Reached skill level 1 in Conjurations
  4661 | D:5      | Reached skill level 4 in Long Blades
  4667 | Ossuary  | Entered an ossuary
  4750 | Ossuary  | Reached * piety under Wu Jian
  4831 | Ossuary  | Reached XP level 9. HP: 52/63 MP: 8/14
  5103 | D:5      | Noticed Edmund
  5107 | D:5      | Killed Edmund
  5108 | D:5      | Reached skill level 5 in Short Blades
  5455 | D:5      | Found a runed translucent door.
  5456 | D:5      | Noticed Crazy Yiuf
  5461 | D:5      | Killed Crazy Yiuf
  5484 | D:5      | Learned a level 5 spell: Yara's Violent Unravelling
  5616 | D:6      | Reached ** piety under Wu Jian
  5870 | D:6      | Reached skill level 5 in Fighting
  5876 | D:6      | Reached skill level 1 in Alchemy
  5946 | D:6      | Found a shadowy altar of Dithmenos.
  6013 | D:6      | Reached skill level 5 in Long Blades
  6250 | D:6      | Reached skill level 5 in Dodging
  6829 | D:7      | Noticed Joseph
  6870 | D:7      | Killed Joseph
  6877 | D:7      | Noticed Duvessa
  6877 | D:7      | Noticed Dowan
  6902 | D:6      | Killed Duvessa
  6903 | D:6      | Reached XP level 10. HP: 55/75 MP: 2/16
  6911 | D:6      | Killed Dowan
  7023 | D:7      | Noticed Prince Ribbit
  7194 | D:6      | Reached skill level 6 in Long Blades
  7278 | D:7      | Killed Prince Ribbit
  7337 | D:6      | Reached *** piety under Wu Jian
  8409 | D:8      | Reached skill level 5 in Spellcasting
  8652 | D:8      | Reached skill level 7 in Long Blades
  8789 | D:8      | Noticed Gastronok
  8865 | D:8      | HP: 1/76 [Gastronok (23)]
  8868 | D:8      | Killed Gastronok
  8868 | D:8      | Reached **** piety under Wu Jian
  8869 | D:8      | Reached skill level 8 in Long Blades
  8869 | D:8      | Reached skill level 10 in Stealth
  8974 | D:8      | Found a sparkling altar of Nemelex Xobeh.
  9387 | D:9      | Noticed a boulder beetle
  9390 | D:9      | Killed a boulder beetle
  9391 | D:9      | Reached skill level 9 in Long Blades
  9391 | D:9      | Reached XP level 11. HP: 81/81 MP: 18/18
  9396 | D:9      | Found a staircase to the Lair.
 10101 | D:10     | Entered Level 10 of the Dungeon
 10549 | D:10     | Reached skill level 10 in Long Blades
 10910 | D:11     | Noticed a two-headed ogre
 10914 | D:11     | Killed a two-headed ogre
 10918 | D:11     | Noticed Grum
 10972 | D:11     | Identified the +3 flail "Syuryn" {flame, rN+}
 11167 | D:11     | Reached skill level 11 in Long Blades
 11248 | D:11     | Killed Grum
 11452 | D:11     | Noticed Maurice
 11460 | D:11     | Killed Maurice
 11536 | D:11     | Noticed Urug
 11592 | D:11     | Killed Urug
 11593 | D:11     | Reached skill level 12 in Long Blades
 11925 | D:11     | Found a staircase to the Orcish Mines.
 12361 | D:11     | Reached ***** piety under Wu Jian
 12583 | Lair:1   | Entered Level 1 of the Lair of Beasts
 12820 | Lair:1   | Reached skill level 13 in Long Blades
 13447 | Lair:1   | Identified a scroll of acquirement
 13606 | Lair:2   | Reached XP level 12. HP: 76/88 MP: 1/19
 13920 | Lair:2   | Reached skill level 1 in Shields
 14150 | Lair:2   | Noticed Harold
 14505 | Lair:2   | Killed Harold
 14774 | Lair:3   | Found a staircase to the Snake Pit.
 14957 | Lair:3   | Acquired 403 gold pieces
 14959 | Lair:3   | Acquired the +4 demon blade of the Secret Youths {freeze,
                  | rElec rN+ Dex+6}
 14994 | Lair:3   | Noticed Nessos
 15011 | Lair:3   | Killed Nessos
 15168 | Lair:3   | Noticed Fannar
 15198 | Lair:3   | Killed Fannar
 15462 | Lair:3   | Found a staircase to the Shoals.
 15790 | Lair:4   | Noticed a five-headed hydra
 15906 | Lair:4   | Noticed a seven-headed hydra
 15912 | Lair:4   | Killed a seven-headed hydra
 15913 | Lair:4   | Reached skill level 10 in Hexes
 15913 | Lair:4   | Reached XP level 13. HP: 96/96 MP: 21/21
 16694 | Lair:4   | Reached ****** piety under Wu Jian
 17092 | Lair:5   | Entered Level 5 of the Lair of Beasts
 17104 | Lair:5   | Noticed Rupert
 17171 | Lair:5   | Reached skill level 5 in Evocations
 17773 | Lair:5   | Acquired the +1 cloak "Xywu" {Will++}
 18873 | Lair:5   | Killed Rupert
 18978 | Lair:5   | Found a viscous altar of Jiyva.
 18978 | Lair:5   | Found a staircase to the Slime Pits.
 19282 | Orc:1    | Entered Level 1 of the Orcish Mines
 19282 | Orc:1    | Noticed Erolcha
 19284 | Orc:1    | Killed Erolcha
 19480 | Orc:1    | Reached XP level 14. HP: 106/106 MP: 20/23
 19885 | Orc:2    | Entered Level 2 of the Orcish Mines
 19945 | Orc:2    | Learned a level 5 spell: Summon Mana Viper
 20155 | Orc:2    | Found Leavixij's Antique Weapon Boutique.
 20561 | Orc:2    | Found a staircase to the Elven Halls.
 20665 | Orc:2    | Noticed Josephine
 20814 | Orc:2    | Reached skill level 1 in Summonings
 20891 | Orc:2    | Killed Josephine
 21043 | Orc:2    | Slain by an orc knight

Illustrated notes

Levels and vault maps discovered:
D:1:      dpeg_arrival_round_a, layout_rooms, serial_forest,
          infiniplex_forest_clump_long, infiniplex_forest_straight_2,
          infiniplex_forest_lined_3_way, infiniplex_forest_pool,
          infiniplex_forest_clump_large, infiniplex_forest_lined_room_2,
          infiniplex_forest_end_1, infiniplex_forest_side_room,
          infiniplex_forest_split, hellmonk_ecumenical_altar_zigzags
D:2:      layout_basic, serial_bayou_pond_e
D:3:      layout_basic, hangedman_ru_absence, portal_sewer_entry_a,
          serial_bayou, serial_bayou_shore_a, serial_bayou_ford_a,
          serial_bayou_pond_b, serial_bayou_pond_b, serial_bayou_pond_d,
          serial_bayou_pond_c, minmay_quadrilaterals, uniq_ijyb, uniq_sigmund
D:4:      layout_cave_pools, nicolae_tso_swordbearing_angel, okawaru_trees_2
D:5:      layout_rooms, minmay_temple_entry_junction,
          nicolae_ossuary_entry_monument, serial_library_hellmonk_statue_hall,
          st_stairs_4, uniq_crazy_yiuf_cottage, uniq_edmund
D:6:      layout_loops_ring, grunt_dithmenos_smoke_and_mirrors, minmay_pentangle
D:7:      layout_cave_pools, uniq_duvessa, uniq_prince_ribbit1, uniq_joseph
D:8:      layout_basic, nemelex_spade_bored_becter,
          nicolae_straight_to_the_point, uniq_gastronok
D:9:      layout_loops_cross, lair_entry_dummy, kennysheep_generic_room_9
D:10:     layout_gridville, lemuel_tele_altar
D:11:     layout_cave_pools, erik_orc_3, pond, uniq_urug, uniq_grum,
          uniq_maurice
Temple:   nicolae_temple_slightly_damp_pantheon
Lair:1:   layout_regular_city, lemuel_fruit_tree
Lair:2:   layout_loops_ring, grunt_forest_stairs_basic, beast_lair_carwin_8,
          grunt_megastairs_3, uniq_harold
Lair:3:   layout_small_grid, elwin_shoals_entry_stream,
          guppyfry_snake_entry_garden, st_stairs_13, uniq_fannar, uniq_nessos
Lair:4:   layout_concentric_octagons
Lair:5:   grunt_lair_end_beastmaster, layout_cave_pods, dpeg_slime_entry_corner,
          cheibrodos_lair_lostbears, grunt_megastairs_1, uniq_rupert
Orc:1:    layout_diamond_mine, basic_altar, nicolae_orc_crystal_geode,
          uniq_erolcha
Orc:2:    st_orc_congregation, layout_caves, serial_shops,
          nicolae_shop_overgrown_old_shop, nooodl_orcs_dogs, uniq_josephine

Skill      XL: |  1  2  3  4  5  6  7  8  9 10 11 12 13 14 |
---------------+-------------------------------------------+-----
Fighting       | 1 2 3 4 5 6 7 8 |  8.7
Short Blades   | 2 3 4 5 6 |  6.3
Long Blades    | 1 2 3 4 5 9 13 | 13.5
Stealth        | 5 6 7 8 10 11 12 | 12.0
Hexes          | 5 6 7 8 10 11 12 | 12.0
Ice Magic      | 1 2 |  2.0
Dodging        | 3 4 5 6 8 |  8.3
Spellcasting   | 3 4 5 6 |  6.7
Evocations     | 1 2 4 6 |  6.4
Conjurations   | 1 2 3 4 |  4.0
Alchemy        | 2 3 4 |  4.3
Shields        | 2 3 4 |  4.0
Summonings     | 1 |  1.3

Action                     |  1- 3 |  4- 6 |  7- 9 | 10-12 | 13-15 || total
---------------------------+-------+-------+-------+-------+-------++-------
  Melee: Dagger            |    51 |   123 |   296 |   595 |   230 ||  1295
         Bite              |     3 |     5 |    62 |   125 |    87 ||   282
         Punch             |     1 |       |     7 |       |       ||     8
         Long sword        |    14 |    22 |       |       |       ||    36
         Scimitar          |       |       |   125 |   185 |       ||   310
         Demon blade       |       |       |       |    85 |   271 ||   356
   Cast: Ensorcelled Hiber |    12 |    19 |    61 |   164 |    70 ||   326
         Confusing Touch   |       |     2 |    14 |    21 |    14 ||    51
         Dazzling Flash    |       |       |     1 |    11 |     6 ||    18
         Tukima's Dance    |       |       |       |    20 |     6 ||    26
Ability: Lunge             |       |       |    19 |    51 |    26 ||    96
         Whirlwind         |       |       |     2 |    23 |    18 ||    43
  Evoke: Wand              |       |       |     5 |     1 |       ||     6
         Condenser vane    |       |       |       |       |     1 ||     1
    Use: Scroll            |     2 |     1 |    13 |    15 |     5 ||    36
         Potion            |       |       |     2 |     1 |       ||     3
   Stab: Sleeping          |    14 |    14 |    47 |   108 |    46 ||   229
         Confused          |       |     2 |     9 |    22 |    16 ||    49
         Invisible         |       |       |    11 |     9 |     3 ||    23
         Distracted        |       |       |       |     1 |       ||     1
 Armour: Robe              |    23 |    94 |   233 |   283 |       ||   633
         Ring mail         |       |       |       |   170 |   306 ||   476
  Dodge: Dodged            |    27 |   130 |   310 |   514 |   209 ||  1190
  Block: Buckler           |       |       |    17 |   151 |   103 ||   271

Table legend: (Time is in decaauts)
 A = Elapsed time spent in this place.
 B = Non-inter-level travel time spent in this place.
 C = Inter-level travel time spent in this place.
 D = Time resting spent in this place.
 E = Time spent auto-exploring this place.
 F = Levels seen in this place.
 G = Mean time per level.
                   A        B        C        D        E       F      G
               +--------+--------+--------+--------+--------+-----+--------+
         Total |  20677 |  19535 |   1142 |   1861 |  13370 |  21 |  984.6 |
       Dungeon |  11539 |  10924 |    615 |    858 |   7733 |  11 | 1049.0 |
        Temple |     38 |      1 |     37 |      0 |      0 |   1 |   38.0 |
          Lair |   6389 |   5991 |    398 |    327 |   4543 |   5 | 1277.8 |
  Orcish Mines |   1739 |   1648 |     91 |    316 |    868 |   2 |  869.5 |
         Sewer |    579 |    579 |      0 |    283 |    181 |   1 |  579.0 |
       Ossuary |    390 |    390 |      0 |     77 |     44 |   1 |  390.0 |
               +--------+--------+--------+--------+--------+-----+--------+

Top non-repeatable levels by time:
  Lair:5: 1949 daAuts
     D:6: 1693 daAuts
    D:11: 1377 daAuts
  Lair:4: 1329 daAuts
     D:3: 1267 daAuts
  Lair:3: 1188 daAuts
     D:8: 1102 daAuts
   Orc:2: 1069 daAuts
     D:9: 1040 daAuts
  Lair:2: 1036 daAuts
    D:10: 975 daAuts
     D:1: 961 daAuts
  Lair:1: 885 daAuts
     D:2: 859 daAuts
     D:7: 807 daAuts
